 Dungeon Crawl Stone Soup version 0.29.1-2-gbd0b4ee654 (webtiles) character file.

Game seed: 5787510727068855916

31 GorkyZ the Trooper (level 3, -3/29 HPs)
             Began as a Formicid Gladiator on Nov 21, 2022.
             Slain by a goblin
             ... wielding a +0 club
             ... led by Robin
              (6 damage)
             ... on level 2 of the Dungeon.
             The game lasted 00:03:27 (661 turns).

GorkyZ the Trooper (Formicid Gladiator)              Turns: 661, Time: 00:03:30

Health: -3/29      AC:  4    Str: 20    XL:     3   Next: 40%
Magic:  3/3        EV: 12    Int:  7    God:
Gold:   60         SH:  0    Dex: 15    Spells: 2/2 levels left

rFire   . . .      SeeInvis +   a - +0 quarterstaff
rCold   . . .      Faith    .   (no shield)
rNeg    . . .      Spirit   .   b - +0 leather armour
rPois   .          Reflect  .   (helmet unavailable)
rElec   .          Harm     .   (no cloak)
rCorr   .          Rampage  .   j - +0 pair of gloves
Will    .....                   (no boots)
Stlth   +.........              (no amulet)
HPRegen 0.09/turn               h - ring of wizardry
MPRegen 0.08/turn               (no ring)

@: no status effects
A: permanent stasis, dig shafts and tunnels, antennae 3, four strong arms
a: Dig, Shaft Self


You were on level 2 of the Dungeon.
You visited 1 branch of the dungeon, and saw 2 of its levels.

You collected 60 gold pieces.

Inventory:

Hand Weapons
 a - a +0 quarterstaff (weapon)
Missiles
 c - 2 throwing nets (quivered)
 d - a javelin
Armour
 b - a +0 leather armour (worn)
 j - a +0 pair of gloves (worn)
Jewellery
 h - a ring of wizardry (left hand)
 n - a ring of wizardry
Scrolls
 l - a scroll of teleportation {unknown}
 m - a scroll of brand weapon {unknown}
 o - a scroll of torment {unknown}
 p - 4 scrolls of fear {unknown}
Potions
 e - 2 potions of heal wounds {unknown}
 f - a potion of haste {unknown}
 g - 2 potions of flight {unknown}
 k - a potion of lignification {unknown}


   Skills:
 + Level 3.1 Fighting
 - Level 3.0 Staves
 + Level 2.2 Throwing
 + Level 1.8 Armour
 - Level 2.7 Dodging


You had 2 spell levels left.
You didn't know any spells.
Your spell library was empty.

Dungeon Overview and Level Annotations

Branches:
Dungeon (2/15)

Altars:

Annotations:
D:2 Robin


Innate Abilities, Weirdness & Mutations

You cannot be hasted, slowed, berserked, paralysed or teleported.
You can dig through walls and to a lower floor.
You have a pair of large antennae on your head. (SInv)
Your four strong arms can wield two-handed weapons with a shield.


Message History

Throw: boomerang (disperse)
Press: ? - help, Q - select action, (/) - cycle Shift-Dir - straight line, f/p - Robin
Aim: Robin, wielding a +1 dagger of protection, wearing a +0 animal skin and wearing a +0 helmet (68% to hit)
You throw a boomerang of dispersal.
The boomerang of dispersal hits the hobgoblin.
The hobgoblin blinks!
You kill the hobgoblin!
The goblin hits you but does no damage.
Throw: 3 throwing nets
Press: ? - help, Q - select action, (/) - cycle Shift-Dir - straight line, f/p - Robin
Aim: Robin, wielding a +1 dagger of protection, wearing a +0 animal skin and wearing a +0 helmet (68% to hit)
You throw a throwing net. The throwing net hits Robin.
Robin is caught in the net!
The hobgoblin no longer looks unusually strong.
Robin struggles against the net.
The goblin barely misses you.
You hit Robin.
Robin is lightly wounded.
The hobgoblin no longer looks unusually strong.
Robin roars a battlecry!
The goblins go into a battle-frenzy!
Robin struggles against the net.
The goblin hits you with a +0 club.
* * * LOW HITPOINT WARNING * * *
You hit Robin.
Robin is lightly wounded.
The goblin no longer looks unusually strong.
The goblin barely misses you.
You hit Robin but do no damage.
Robin is lightly wounded.
Robin throws the goblin at you!
Robin struggles against the net.
The goblin hits you with a +0 club.
* * * LOW HITPOINT WARNING * * *
The goblin barely misses you.
You strike the helpless Robin from behind!
You hit Robin but do no damage.
Robin is lightly wounded.
The goblin hits you with a +0 club.
* * * LOW HITPOINT WARNING * * *
The goblin misses you. The goblin hits you but does no damage.
Robin struggles against the net.
The goblin hits you with a +0 club.
You die...

...... #.... ........# #....
........# #... .#......#
#..#########........+
#..#........##......
#.<#...†....##.#..######
#####'##.......g##g#........
...............g@gggg...#
.....†..........##w#.......#
................##.#.#......
...............)##.#.#.....#
................##+### ..g.#
.....###........# ....#
..... #........# .).# .....
########## ....


You could see a worm, Robin (caught), 4 hobgoblins and 2 goblins.

Vanquished Creatures
  A dart slug (D:1)
  4 ball pythons (D:1)
  3 endoplasms
  3 goblins
  3 hobgoblins
  2 quokkas (D:2)
  4 bats (D:1)
  A frilled lizard (D:1)
  3 kobolds (D:1)
  3 rats (D:1)
27 creatures vanquished.

Vanquished Creatures (others)
  A plant (D:1)
1 creature vanquished.

Grand Total: 28 creatures vanquished

Notes
Turn   | Place    | Note
-------+----------+-------------------------------------------
     0 | D:1      | GorkyZ the Formicid Gladiator began the quest for the Orb.
     0 | D:1      | Reached XP level 1. HP: 16/16 MP: 1/1
    66 | D:1      | Reached skill level 1 in Armour
    66 | D:1      | Reached XP level 2. HP: 23/23 MP: 2/2
   327 | D:1      | Found a faded altar of an unknown god.
   377 | D:1      | Reached XP level 3. HP: 28/28 MP: 3/3
   641 | D:2      | Noticed Robin
   661 | D:2      | Slain by a goblin

Illustrated notes

Levels and vault maps discovered:
D:1:      lemuel_arrival_behind_the_door_small, layout_rooms,
          shapermc_ecumenical_altar_mp_ritualfount, minmay_splitting_lines
D:2:      layout_basic, serial_shops, shop, basic_altar, uniq_natasha,
          uniq_robin

Skill      XL: |  1  2  3 |
---------------+----------+-----
Armour         | 1 |  1.8
Fighting       | 3 |  3.1
Staves         | |  3.0
Throwing       | |  2.2
Dodging        | |  2.7

Action                   || total
-------------------------++-------
Melee: Quarterstaff      ||    68
Throw: Boomerang         ||     6
       Throwing net      ||     1
 Stab: Held in net/web   ||     1
Armor: Leather armour    ||    42
Dodge: Dodged            ||    57
